Map: 2000 Atmospheres LE

Players

DnS - Winner!

  • Race: Protoss Protoss

AqueroN

  • Race: Terran Terran

Event: DreamHack SC2 Masters 2021 Winter

VOD

Have the link to the VOD?

Description

Time

  • Played on: Oct. 6, 2021, 2:21 p.m.
  • Length: 10:14

All games in this series

Show
View Real Time Build Order
Export as new Build Order

DnS Protoss - Winner!

Build Orders: 1 Gate Expand, Phoenix Opening 

Get SALT Encoding   

  12  0:00  Probe  
  13  0:12  Probe  
  14  0:19  Pylon  
  14  0:24  Probe (Chrono Boost)  
  15  0:37  Probe (Chrono Boost)  
  15  0:39  Gateway  
  16  0:46  Probe (Chrono Boost)  
  16  0:49  Assimilator  
  17  0:52  Probe  
  18  1:04  Probe  
  19  1:16  Probe  
  20  1:26  Cybernetics Core  
  20  1:36  Nexus  
  20  1:40  Probe  
  21  1:48  Pylon  
  21  1:52  Probe  
  22  1:59  Assimilator  
  22  2:03  Adept (Chrono Boost)  
  22  2:04  Probe  
  25  2:16  Probe  
  25  2:23  Stargate  
  25  2:25  Adept (Chrono Boost)  
  25  2:28  Probe  
  28  2:35  Warp Gate  
  28  2:40  Probe  
  29  2:47  Adept  
  29  2:49  Probe (Chrono Boost)  
  32  2:57  Probe (Chrono Boost)  
  33  3:01  Probe (Chrono Boost)  
  35  3:06  Probe (Chrono Boost)  
  35  3:07  Phoenix, Probe (Chrono Boost)  
  38  3:16  Probe (Chrono Boost)  
  40  3:22  Probe (Chrono Boost)  
  40  3:26  Probe (Chrono Boost)  
  39  3:29  Pylon  
  39  3:30  Probe (Chrono Boost)  
  39  3:31  Probe (Chrono Boost)  
  39  3:32  Phoenix  
  43  3:40  Gateway  
  43  3:49  Probe  
  43  3:50  Probe  
  45  3:55  Pylon  
  45  3:56  Phoenix (Chrono Boost)  
  45  4:01  Probe  
  45  4:02  Probe  
  49  4:16  Nexus  
  49  4:20  Probe, Oracle  
  49  4:21  Probe  
  54  4:24  Shield Battery  
  54  4:28  Adept  
  56  4:31  Pylon  
  56  4:35  Probe x2  
  56  4:37  Pylon  
  58  4:40  Adept  
  58  4:43  Assimilator  
  60  4:45  Assimilator  
  60  4:47  Probe  
  61  4:53  Probe  
  61  4:57  Phoenix (Chrono Boost)  
  61  4:59  Probe  
  63  5:05  Probe  
  64  5:07  Twilight Council  
  64  5:09  Forge  
  64  5:11  Probe  
  65  5:14  Adept, Sentry  
  65  5:17  Probe  
  65  5:18  Shield Battery  
  65  5:19  Shield Battery  
  65  5:21  Phoenix  
  70  5:23  Probe  
  73  5:29  Probe  
  74  5:35  Probe  
  74  5:37  Protoss Ground Armor Level 1 (Chrono Boost)  
  74  5:38  Probe, Charge (Chrono Boost)  
  74  5:39  Adept x2  
  74  5:41  Probe  
  78  5:54  Gateway x2  
  78  5:56  Phoenix  
  80  6:15  Gateway  
  80  6:20  Gateway, Zealot x2  
  80  6:21  Gateway, Phoenix  
  86  6:31  Gateway x2  
  76  6:45  Phoenix (Chrono Boost)  
  72  6:47  Stalker x2  
  72  6:50  Shield Battery  
  71  6:55  Pylon  
  71  6:58  Zealot  
  66  7:02  Zealot  
  66  7:04  Phoenix (Chrono Boost)  
  70  7:12  Zealot x2  
  74  7:15  Zealot x2  
  76  7:23  Pylon  
  76  7:24  Pylon x2  
  74  7:37  Pylon  
  74  7:40  Pylon  
  74  7:41  Phoenix (Chrono Boost)  
  76  7:45  Zealot x7, Templar Archives, Sentry  
  92  7:57  Gateway  
  92  8:03  Phoenix (Chrono Boost)  
  94  8:18  Zealot x7  
  88  8:27  Phoenix  
  80  8:35  Zealot  
  80  8:46  High Templar x3  
  80  8:47  Zealot x3, High Templar  
  86  8:51  Archon x2  
  86  8:54  Zealot  
  88  9:01  Zealot  
  86  9:17  Zealot x4  
  90  9:29  High Templar x2  
  90  9:30  High Templar x2  
  96  9:33  Archon  
  96  9:34  Archon  
  96  9:35  Zealot  
  98  9:43  Nexus  
  96  10:00  Zealot x3, Pylon, High Templar x2  
  96  10:04  Archon  
  96  10:05  Zealot x2  
Show
View Real Time Build Order
Export as new Build Order

AqueroN Terran 

Build Orders: Reaper Expand 

Get SALT Encoding   

  12  0:00  SCV  
  13  0:12  SCV  
  14  0:17  Supply Depot  
  14  0:24  SCV  
  15  0:39  SCV  
  15  0:41  Barracks  
  16  0:45  Refinery  
  16  0:51  SCV  
  17  1:03  SCV  
  18  1:15  SCV  
  19  1:29  Orbital Command  
  19  1:30  Reaper  
  20  1:44  Command Center  
  20  1:56  SCV  
  20  1:57  Supply Depot  
  21  2:01  Marine  
  21  2:08  SCV  
  23  2:13  Factory  
  23  2:20  SCV  
  23  2:22  Barracks Reactor  
  24  2:28  Bunker  
  24  2:32  SCV  
  24  2:36  Refinery  
  25  2:44  SCV  
  26  2:56  SCV  
  26  2:57  Orbital Command  
  27  3:02  Marine x2  
  27  3:03  Widow Mine  
  31  3:08  SCV  
  29  3:19  Marine x2  
  29  3:29  SCV x2  
  31  3:37  Marine x2  
  31  3:38  Starport  
  33  3:41  SCV x2  
  34  3:51  Widow Mine  
  34  3:53  SCV  
  34  3:55  Marine x2  
  39  3:59  Supply Depot  
  39  4:05  SCV x2  
  41  4:13  Marine x2  
  41  4:14  Factory Tech Lab  
  45  4:17  Liberator  
  45  4:20  SCV x2  
  45  4:21  Supply Depot  
  48  4:31  Marine x2  
  50  4:33  SCV  
  50  4:37  Supply Depot  
  51  4:40  Siege Tank  
  51  4:43  SCV  
  51  4:44  Supply Depot  
  51  4:45  SCV  
  56  4:48  Marine x2  
  56  4:55  SCV  
  56  4:57  SCV  
  58  5:00  Viking  
  58  5:06  Supply Depot, Marine x2  
  62  5:07  SCV  
  62  5:09  SCV  
  64  5:16  Siege Tank  
  64  5:19  SCV  
  69  5:21  SCV  
  69  5:24  Supply Depot, Marine x2  
  71  5:30  Viking  
  71  5:31  SCV  
  71  5:33  SCV  
  71  5:42  Barracks  
  71  5:43  SCV, Marine x2  
  71  5:44  Barracks  
  71  5:45  SCV  
  75  5:55  SCV  
  76  5:57  SCV  
  76  6:00  Viking  
  77  6:07  SCV, Siege Tank  
  77  6:09  SCV  
  79  6:15  Marine x2  
  81  6:19  SCV  
  81  6:20  Barracks  
  81  6:21  SCV, Barracks  
  83  6:31  SCV  
  84  6:34  SCV  
  76  6:42  Marine x2  
  76  6:44  SCV  
  76  6:46  SCV  
  74  6:48  Siege Tank  
  74  6:52  Bunker  
  74  6:53  Bunker  
  77  6:56  SCV  
  77  6:57  Bunker  
  77  6:58  SCV, Barracks Tech Lab  
  77  6:59  Barracks Reactor  
  79  7:02  Refinery  
  79  7:03  Refinery  
  79  7:05  Marine  
  79  7:06  Marine  
  79  7:08  SCV, Starport Reactor  
  80  7:09  Engineering Bay  
  80  7:10  SCV, Marine x2  
  80  7:20  SCV  
  80  7:22  SCV  
  82  7:23  Marine x2  
  82  7:25  Marine  
  84  7:32  SCV  
  84  7:33  Marine x2  
  84  7:35  SCV  
  83  7:37  Missile Turret, Terran Infantry Weapons Level 1, Marine x2  
  83  7:39  Siege Tank  
  83  7:41  Marine x2  
  83  7:43  Marine  
  91  7:44  SCV  
  91  7:45  Supply Depot x3  
  91  7:51  Marine x2  
  94  7:55  Marine x2  
  95  7:59  SCV, Marine x2  
  95  8:00  SCV  
  95  8:01  Marine  
  99  8:07  Stimpack  
  99  8:08  Marine  
  99  8:09  Barracks Tech Lab  
  100  8:13  Marine x2  
  100  8:17  Marine x2  
  100  8:19  Marine  
  85  8:26  Marine  
  77  8:28  SCV x2  
  77  8:30  Marine  
  77  8:31  Marine  
  77  8:33  Marine  
  72  8:34  Marine  
  72  8:35  Marine  
  72  8:37  Marine  
  72  8:38  Bunker  
  72  8:40  SCV x2  
  72  8:44  Marine  
  65  8:48  Siege Tank, Marine x2  
  65  8:51  Medivac  
  65  8:52  SCV x2, Medivac  
  65  8:55  Marine  
  77  8:57  Marine  
  78  9:03  Missile Turret  
  78  9:04  SCV x2  
  79  9:16  Marine x2  
  57  9:25  SCV x2  
  57  9:26  Marine  
  57  9:28  Marine x3  
  62  9:32  Siege Tank  
  62  9:36  Marine  
  61  9:44  Marine  
  57  9:46  Marine x3  
  57  9:54  Marine  

Tags
 
Add a new tag
Caveats
  • Supply blocks, unpowered buildings, or Contaminate may cause inaccurate times.
  • Supply counts are checked every 10 seconds.